 Dungeon Crawl Stone Soup version 0.29-a0-284-gf9362112df (webtiles) character file.

Game seed: 1489062105010946586

364 sammy202020 the Skirmisher (level 6, 0/73 HPs)
             Began as a Demonspawn Berserker on Mar 23, 2022.
             Was a Believer of Trog.
             Slain by a scorpion (3 damage)
             ... on level 4 of the Dungeon.
             The game lasted 00:07:34 (3000 turns).

sammy202020 the Skirmisher (Demonspawn Berserker)   Turns: 3000, Time: 00:07:36

Health: 0/73       AC: 10    Str: 17    XL:     6   Next: 39%
Magic:  6/6        EV:  8    Int: 10    God:    Trog [**....]
Gold:   117        SH:  0    Dex: 19    Spells: 5/5 levels left

rFire   . . .      SeeInvis .   a - +0 hand axe
rCold   . . .      Faith    +   (no shield)
rNeg    . . .      Spirit   .   t - +0 chain mail
rPois   .          Reflect  .   (no helmet)
rElec   .          Harm     .   (no cloak)
rCorr   .          Rampage  .   (no gloves)
Will    ++...                   (no boots)
Stlth   ..........              k - amulet of faith
HPRegen 1.22/turn               c - +6 ring of dexterity
MPRegen 0.10/turn               (no ring)

@: berserking, lethally poisoned (0 -> -14), strong-willed, regenerating, very
quick
A: powered by pain 1, sharp scales 1
a: Renounce Religion, Berserk, Trog's Hand


You were on level 4 of the Dungeon.
You worshipped Trog.
Trog was pleased with you.
You visited 1 branch of the dungeon, and saw 4 of its levels.

You collected 117 gold pieces.

Inventory:

Hand Weapons
 a - a +0 hand axe (weapon)
 n - a +0 mace
Missiles
 b - 4 atropa-tipped darts
 g - 9 javelins (quivered)
 h - 3 boomerangs
 o - 6 poisoned darts
Armour
 t - a +0 chain mail (worn)
Jewellery
 c - a +6 ring of dexterity (left hand)
 k - an amulet of faith (around neck)
 p - a ring of magical power
Scrolls
 s - a scroll of noise {unknown}
Potions
 e - 2 potions of brilliance
 f - a potion of heal wounds
 i - a potion of degeneration {unknown}
 j - 2 potions of curing {unknown}
 l - 2 potions of berserk rage {unknown}
 m - a potion of might
 r - a potion of flight {unknown}


   Skills:
 * Level 4.6 Fighting
 * Level 4.3 Axes
 * Level 3.5 Armour
 + Level 2.7 Dodging


You had 5 spell levels left.
You didn't know any spells.
Your spell library was empty.

Dungeon Overview and Level Annotations

Branches:
Dungeon (4/15)
 Temple: D:4-7

Altars:
Nemelex Xobeh

Shops:
D:1 (


Innate Abilities, Weirdness & Mutations

You sometimes gain a little power by taking damage.
You are partially covered in razor-sharp scales. (AC +1, Slay +1)


Message History

You feel very sick. The gnoll closely misses you.
The gnoll hits you but does no damage. x2
A red film seems to cover your vision as you go berserk!
You feel yourself moving faster!
You feel mighty!
You feel very sick.
The gnoll hits you with a +1 spear of venom!
* * * LOW HITPOINT WARNING * * *
You are more poisoned.
The gnoll barely misses you. x2
You slash the gnoll!
The gnoll is severely wounded.
You hit the gnoll. You slash the gnoll!
You kill the gnoll!
Trog accepts your kill.
You feel very sick.
You barely miss the gnoll.
The gnoll is severely wounded.
You barely miss the gnoll. You hit the scorpion but do no damage.
You feel very sick. The gnoll hits you but does no damage.
You are lethally poisoned!
The gnoll barely misses you. The scorpion barely misses you.
You hit the gnoll.
The gnoll is almost dead.
You hit the gnoll. You slash the scorpion!
* * * LOW HITPOINT WARNING * * *
You feel very sick.
The gnoll hits you with a +1 spear of venom.
* * * LOW HITPOINT WARNING * * *
You are more poisoned.
The gnoll closely misses you.
The scorpion stings you but does no damage.
You hit the gnoll.
You kill the gnoll!
Trog accepts your kill.
You hit the gnoll. You hit the scorpion.
* * * LOW HITPOINT WARNING * * *
You feel very sick. The gnoll barely misses you. The scorpion stings you.
You die...

.... ......
..... ......
..... .....
.....##+#?...
#......>..#
#.........#
#....g)s..#
#.....@#
#......#
..####.†#
..+..#..#
..#..#.[#
.....#..#
#.....#.#...#.#
#.....#.......#
#.....#.......#


You could see a scorpion and a gnoll.

Vanquished Creatures
  A black bear (D:4)
  Pargi (D:3)
  An iguana (D:3)
  An orc wizard (D:3)
  5 gnolls
  2 adders
  A worm (D:4)
  5 dart slugs
  4 orcs (D:3)
  4 endoplasms
  4 giant cockroaches
  8 goblins
  8 hobgoblins
  3 kobolds
  2 quokkas (D:2)
  3 ball pythons (D:1)
  8 bats
  9 rats
70 creatures vanquished.

Notes
Turn   | Place    | Note
-------+----------+-------------------------------------------
     0 | D:1      | sammy202020 the Demonspawn Berserker began the quest for
                  | the Orb.
     0 | D:1      | Reached XP level 1. HP: 18/18 MP: 1/1
   115 | D:1      | Found a faded altar of an unknown god.
   254 | D:1      | Gained mutation: You sometimes gain a little power by
                  | taking damage. [demonic ancestry]
   254 | D:1      | Reached XP level 2. HP: 24/24 MP: 2/2
   424 | D:1      | Found Verareso's Weapon Emporium.
   830 | D:2      | Reached XP level 3. HP: 20/29 MP: 3/3
  1275 | D:2      | Gained mutation: You are partially covered in razor-sharp
                  | scales. (AC +1, Slay +1) [demonic ancestry]
  1275 | D:2      | Reached XP level 4. HP: 35/36 MP: 4/4
  1285 | D:2      | Found a sparkling altar of Nemelex Xobeh.
  1557 | D:2      | Reached ** piety under Trog
  2120 | D:3      | Reached XP level 5. HP: 41/42 MP: 5/5
  2419 | D:3      | Noticed Pargi
  2435 | D:3      | Killed Pargi
  2902 | D:4      | Noticed a black bear
  2919 | D:4      | Killed a black bear
  2920 | D:4      | Reached XP level 6. HP: 39/49 MP: 6/6
  3000 | D:4      | HP: 3/73 [poisoned by a gnoll]
  3000 | D:4      | Slain by a scorpion

Illustrated notes

Levels and vault maps discovered:
D:1:      sevenhm_arrival_forest_fort_large_2, layout_basic, serial_shops,
          nicolae_shop_bloodbath_and_beyond, ebering_ecumenical_altar_rust,
          st_stairs_11, hangedman_decor_growths
D:2:      layout_loops_ring, basic_altar
D:3:      layout_basic, corner_web_ring, grunt_ministairs_11,
          kennysheep_generic_room_12, uniq_pargi
D:4:      layout_gridville, kennysheep_mini_moat, temple_hall

Skill      XL: |  1  2  3  4  5 |
---------------+----------------+-----
Armour         | 2 3 |  3.5
Axes           | 3 4 |  4.3
Dodging        | 2 |  2.7
Fighting       | 4 |  4.6

Action                   |  1- 3 |  4- 6 || total
-------------------------+-------+-------++-------
Melee: Hand axe          |    83 |   128 ||   211
       Punch             |     1 |       ||     1
Invok: Berserk           |     1 |     5 ||     6
       Trog's Hand       |       |     2 ||     2
  Use: Scroll            |     1 |     4 ||     5
Armor: Scale mail        |    41 |    62 ||   103
       Chain mail        |       |     7 ||     7
Dodge: Dodged            |    46 |    81 ||   127

Table legend: (Time is in decaauts)
 A = Elapsed time spent in this place.
 B = Non-inter-level travel time spent in this place.
 C = Inter-level travel time spent in this place.
 D = Time resting spent in this place.
 E = Time spent auto-exploring this place.
 F = Levels seen in this place.
 G = Mean time per level.
                   A        B        C        D        E       F      G
               +--------+--------+--------+--------+--------+-----+--------+
         Total |   3079 |   3066 |     13 |    134 |   2312 |   4 |  769.8 |
       Dungeon |   3079 |   3066 |     13 |    134 |   2312 |   4 |  769.8 |
               +--------+--------+--------+--------+--------+-----+--------+

Top non-repeatable levels by time:
     D:3: 1208 daAuts
     D:2: 886 daAuts
     D:1: 828 daAuts
     D:4: 155 daAuts
